AoeStats
← divineslain

Arena

511032577Analyzed
4v4 RM · 8h ago on Oct 3, 2026· 30m 17s· 8 players
Game mode
Random Map
Map size
Large (8 player)
Population
200
Speed
Normal
Resources
Standard
Victory
Conquest
Starting age
Dark Age
Ending age
Imperial Age
RankedLock teamsTeams togetherTeam positionsShared explorationLock speedFull tech treeHidden civsTurbo modeCheats
Victory
Defeat
🇨🇴 Turks · Colombia
1031
+13
🇨🇴 Khmer · Colombia
1022
+14
🇨🇴 Varangians · Colombia
952
+17
🇨🇴 Magyars · Colombia
951
+18
🇹🇼 Danes · Taiwan
988
-16
🇭🇰 Britons · Hong Kong SAR China
983
-16
🇨🇭 Japanese · Switzerland
981
-16
🇨🇳 Jurchens · China
938
-14
nightmare116115
2:04 Loom
11:13 Feudal Age
17:26 Castle Age
16:24 Horse Collar
18:39 Heavy Plow
22:05 Wheelbarrow
21:44 Gold Mining
22:00 Double-Bit Axe
24:01 Bow Saw
25:21 Gold Shaft Mining
25:17 Stone Mining
27:48 Hand Cart
29:31 Stone Shaft Mining
32:41 Imperial Age
Twör
11:19 Feudal Age
15:34 Castle Age
13:53 Horse Collar
14:41 Double-Bit Axe
17:51 Man-at-Arms
19:08 Long Swordsman
20:34 Forging
22:37 Wheelbarrow
21:48 Loom
23:01 Town Watch
25:44 Bow Saw
26:28 Gold Mining
27:15 Squires
27:38 Arson
29:06 Fortified Wall
30:19 Hand Cart
506355782
11:17 Feudal Age
16:20 Castle Age
14:59 Horse Collar
15:20 Double-Bit Axe
16:27 Gold Mining
16:30 Stone Mining
18:44 Pikeman
20:21 Loom
27:13 Fletching
47994232
11:42 Feudal Age
14:32 Horse Collar
15:13 Loom
18:14 Castle Age
17:32 Double-Bit Axe
18:25 Stone Mining
18:31 Gold Mining
30:56 Imperial Age
30:54 Bloodlines
30:46 Husbandry
Alkimista666
3:56 Loom
12:07 Feudal Age
16:17 Castle Age
14:47 Double-Bit Axe
27:25 Imperial Age
25:45 Murder Holes
26:51 Wheelbarrow
26:02 Town Watch
27:30 Corvinian Army
JoseAli
11:08 Feudal Age
14:03 Castle Age
12:05 Double-Bit Axe
18:47 Fervor
22:45 Wheelbarrow
23:52 Gold Mining
23:52 Stone Mining
23:52 Gold Mining
25:11 Loom
26:52 Sanctity
29:18 Imperial Age
27:46 Gold Shaft Mining
29:43 Bloodlines
29:34 Husbandry
30:06 Scale Barding Armor
30:12 Forging
30:28 Town Watch
30:58 Hand Cart
31:03 Bow Saw
divineslain
12:41 Feudal Age
13:42 Double-Bit Axe
13:40 Horse Collar
16:13 Castle Age
17:52 Bow Saw
26:57 Bloodlines
26:53 Husbandry
27:12 Scale Barding Armor
28:20 Chain Barding Armor
28:47 Scale Mail Armor
29:00 Forging
31:23 Iron Casting
alejobr0790
12:59 Feudal Age
16:47 Castle Age
14:56 Gold Mining
14:56 Double-Bit Axe
15:52 Horse Collar
25:21 Imperial Age
23:26 Bow Saw
23:31 Heavy Plow
28:42 Padded Archer Armor
Connection lost

Rejoining the realm…

Still unreachable

The connection could not be restored.

Session expired

The server has moved on; the page needs a fresh start.